AoeStats
← Abu.Hansa

Baltic

511026010Analyzed
2v2 RM · 9h ago on Oct 3, 2026· 19m 2s· 4 players
Game mode
Random Map
Map size
Medium (4 player)
Population
200
Speed
Normal
Resources
Standard
Victory
Conquest
Starting age
Dark Age
Ending age
Imperial Age
RankedLock teamsTeams togetherTeam positionsShared explorationLock speedFull tech treeHidden civsTurbo modeCheats
Victory
Defeat
🇩🇪 Byzantines · Germany
1259
+16
🇩🇪 Saxons · Germany
1253
+16
🇫🇷 Varangians · France
1286
-17
🇺🇸 Koreans · United States
1222
-15
Wolle
1:01 Loom
10:25 Feudal Age
13:46 Fishing Lines
13:56 Double-Bit Axe
19:19 Castle Age
17:21 Horse Collar
Abu.Hansa
8:39 Loom
10:59 Feudal Age
15:54 Castle Age
17:13 Medium Warships
xXD4RkXh0p3zZ
10:00 Loom
12:04 Feudal Age
12:45 Double-Bit Axe
12:51 Fishing Lines
15:35 Town Watch
18:48 Castle Age
17:24 Forging
17:29 Gold Mining
17:29 Stone Mining
18:05 Fletching
kendizzle555
6:50 Loom
10:14 Feudal Age
10:57 Double-Bit Axe
12:50 Horse Collar
13:35 Fishing Lines
19:44 Castle Age
Connection lost

Rejoining the realm…

Still unreachable

The connection could not be restored.

Session expired

The server has moved on; the page needs a fresh start.